 Dungeon Crawl Stone Soup version 0.31-a0-844-gdc52ec4e09 (webtiles) character file.

Game seed: 14424782212365650322

16995 BinkBink the Nimble (level 12, -13/110 HPs)
             Began as a Merfolk Shapeshifter on Sept 30, 2023.
             Was a Believer of Ashenzari.
             Mangled by Azrael
             ... wielding a +1 scimitar of flaming
              (18 damage)
             ... on level 12 of the Dungeon.
             The game lasted 00:30:33 (14811 turns).

BinkBink the Nimble (Merfolk Shapeshifter)         Turns: 14811, Time: 00:30:33

Health: -13/110    AC:  6    Str: 18    XL:     12   Next: 43%
Magic:  12/12      EV: 19    Int:  9    God:    Ashenzari [**....]
Gold:   743        SH:  7    Dex: 19    Spells: 11/11 levels left

rFire   . .          .
                       - Unarmed
rCold   . . .        g - +0 buckler of Ashenzari's Portent {Bglg, Self} (curse)
rNeg    . . .        j - +3 troll leather armour
rPois   .            (helmet currently unavailable)
rElec   .            (cloak currently unavailable)
rCorr   .            (gloves currently unavailable)
SInv    +            (boots currently unavailable)
Will    .....        k - amulet "Anxiety of Ashenzari" {Acrobat, Range, Melee} (curse)
Stlth   +            e - ring "Chained With Me" {SInv, Melee, Bglg} (curse)
HPRegen 1.18/turn    A - ring "Thunder Perfect Mind" {Dex+6, Bglg, Alch} (curse)
MPRegen 0.13/turn

%: acrobat
@: beast-form
A: beast (slay +4), (nimble swimmer 2), mertail, horns 1, dopey 1, robust 1
a: Begin Untransformation, Renounce Religion, Curse Item, Shatter the Chains


You were on level 12 of the Dungeon.
You worshipped Ashenzari.
Ashenzari was pleased with you.
You were a hulking beast.
You visited 2 branches of the dungeon, and saw 13 of its levels.
You also visited: Sewer and Ossuary.

You collected 743 gold pieces.

Inventory:

Armour
 g - the cursed +0 buckler of Ashenzari's Portent (worn) {Bglg, Self}
   (You found it on level 4 of the Dungeon)

   It has a curse which improves the following skills: Beguiling: Conjurations,
   Hexes and Translocations.
   Introspection: Fighting and Spellcasting.
 j - a +3 troll leather armour (worn)
 y - the +4 helmet of Uskayaw {rElec rN+ Will-}
   (You found it on level 5 of the Dungeon)

   rElec:     It insulates you from electricity.
   rN+:       It protects you from negative energy.
   Will-:     It decreases your willpower.
 K - a +0 cloak
 O - an orb of energy
Jewellery
 e - the cursed ring "Chained With Me" (left hand) {SInv, Melee, Bglg}
   (You found it on level 1 of the Dungeon)

   [ring of see invisible]

   SInv:      It lets you see invisible.
   It has a curse which improves the following skills: Melee Combat: Short
   Blades, Long Blades, Axes, Maces & Flails, Polearms, Staves and Unarmed
   Combat.
   Beguiling: Conjurations, Hexes and Translocations.
 h - a +4 ring of protection
 k - a cursed amulet "Anxiety of Ashenzari" (around neck) {Acrobat, Range, Melee}
   (You found it on level 2 of the Dungeon)

   [amulet of the acrobat]

   Acrobat:   It increases your evasion while moving and waiting.
   It has a curse which improves the following skills: Ranged Combat: Ranged
   Weapons and Throwing.
   Melee Combat: Short Blades, Long Blades, Axes, Maces & Flails, Polearms,
   Staves and Unarmed Combat.
 n - an amulet of faith
 o - a ring of protection from cold
 p - a ring of wizardry
 s - an amulet of magic regeneration
 A - the cursed ring "Thunder Perfect Mind" (right hand) {Dex+6, Bglg, Alch}
   (You found it on level 6 of the Dungeon)

   [ring of dexterity]

   Dex+6:     It affects your dexterity (+6).
   It has a curse which improves the following skills: Beguiling: Conjurations,
   Hexes and Translocations.
   Alchemy:   Poison Magic and Transmutations.
 L - a ring of protection from cold
 N - a +5 ring of evasion
 R - a ring of fire
Talismans
 c - a beast talisman (active)
 d - a flux talisman
 x - a blade talisman
Wands
 a - a wand of charming (2)
 B - a wand of acid (24)
 C - a wand of flame (10)
 J - a wand of iceblast (13)
 P - a wand of digging (5)
 Q - a wand of mindburst (10)
Scrolls
 i - 6 scrolls of noise
 q - 9 scrolls of identify
 t - a scroll of revelation
 v - 5 scrolls of teleportation
 z - 2 scrolls of enchant weapon
 D - 2 scrolls of vulnerability
 E - a scroll of fog
 F - 2 scrolls of immolation
 H - a scroll of amnesia
 I - 2 scrolls of enchant armour
Potions
 b - 3 potions of lignification
 f - 6 potions of enlightenment
 m - 2 potions of attraction
 r - a potion of might
 u - 7 potions of curing
 G - 3 potions of mutation
 M - a potion of invisibility


   Skills:
 + Level 10.0(11.2) Fighting
 + Level 12.2 Dodging
 + Level 8.6 Shields
 + Level 10.6(12.3) Unarmed Combat
 + Level 11.5 Shapeshifting


You had 11 spell levels left.
You didn't know any spells.
Your spell library contained the following spells:

 Spells                   Type           Power      Damage    Failure   Level
 Shock                    Conj/Air       0%         1d3       50%         1
 Blink                    Tloc           0%         N/A       63%         2
 Ensorcelled Hibernation  Hex/Ice        0%         N/A       63%         2
 Passwall                 Tmut/Erth      0%         N/A       65%         2
 Wereblood                Tmut           0%         N/A       65%         2
 Hailstorm                Conj/Ice       0%         3d3       86%         3
 Inner Flame              Hex/Fire       0%         N/A       86%         3
 Volatile Blastmotes      Fire/Tloc      0%         2d10      86%         3
 Swiftness                Air            0%         N/A       87%         3
 Airstrike                Air            0%         2d(0-16)  99%         4
 Animate Dead             Necr           0%         N/A       99%         4
 Flame Wave               Conj/Fire      0%         2d4       99%         4
 Fulminant Prism          Conj/Hex       0%         3d5       99%         4
 Iskenderun's Mystic Bla  Conj/Tloc      0%         2d3       99%         4
 Manifold Assault         Tloc           0%         N/A       99%         4
 Sticky Flame             Conj/Fire      0%         2d3       99%         4
 Summon Ice Beast         Ice/Summ       0%         N/A       99%         4
 Borgnjor's Vile Clutch   Necr/Erth      0%         N/A       100%        5
 Irradiate                Conj/Tmut      0%         3d11      100%        5
 Death Channel            Necr           0%         N/A       100%        6
 Simulacrum               Ice/Necr       0%         N/A       100%        6


Dungeon Overview and Level Annotations

Branches:
Dungeon (12/15)            Temple (1/1) D:4            Lair (0/5) D:8
    Orc (0/2) D:10          Sewer (visited)         Ossuary (visited)

Altars:
Ashenzari
Cheibriados
Dithmenos
Elyvilon
Fedhas
Gozag
Hepliaklqana
Kikubaaqudgha
Makhleb
Nemelex Xobeh
Okawaru
Qazlal
Ru
Sif Muna
Trog
Uskayaw
Vehumet
Wu Jian
Xom
Yredelemnul
Zin
The Shining One

Shops:
D:4 *   D:12 (

Annotations:
D:7 1 runed translucent door, Crazy Yiuf
D:12 Azrael, Gastronok


Innate Abilities, Weirdness & Mutations

You are a hulking beast.
Your limbs bulge with bestial killing power. (Slay +4)
((You are very nimble when in or above water. (Stealth+, EV+, Speed+++)))
Your lower body shifts to a powerful aquatic tail in water.
You have a pair of small horns on your head.
You are dopey. (Int -2)
You are robust. (+10% HP)


Message History

You feel strangely unstable. The hell hound barely misses you.
You feel much better.
The hell hound bites you but does no damage.
The hell hound breathes flames at you.
The blast of flame hits the hell hound.
The hell hound completely resists.
The blast of flame hits the hell hound.
The hell hound completely resists.
The blast of flame hits you!
* * * LOW HITPOINT WARNING * * *
The hell hound closely misses you.
The hell hound attacks as it pursues you!
You block the hell hound's attack.
Your surroundings suddenly seem different.
Found a stone staircase leading down.
Azrael completely misses you.
You punch Azrael!
Azrael is lightly wounded.
Azrael hits you with a +1 scimitar of flaming!
* * * LOW HITPOINT WARNING * * *
Azrael burns you.
* * * LOW HITPOINT WARNING * * *
You hit Azrael but do no damage. Your headbutt misses Azrael.
Azrael is lightly wounded.
Azrael misses you.
You barely miss Azrael. You headbutt Azrael.
Azrael is lightly wounded.
You block Azrael's attack.
You pummel Azrael!!
Azrael is moderately wounded.
You hit Azrael.
Azrael is moderately wounded.
Azrael closely misses you.
You punch Azrael! You headbutt Azrael.
Azrael is heavily wounded.
Azrael hits you with a +1 scimitar of flaming!
* * * LOW HITPOINT WARNING * * *
Azrael burns you.
* * * LOW HITPOINT WARNING * * *
You hit Azrael but do no damage. You headbutt Azrael, but do no damage.
Azrael is heavily wounded.
Azrael hits you with a +1 scimitar of flaming!!
You die...

.....w........#
..............######
..............#
..............#
..............#
..........$...#
..............#
..............#
#...>Rh..#
#........#
#####....# #....#
#....# #....# #....#
#....#


You could see Azrael.

Vanquished Creatures
  A two-headed ogre (D:12)
  Urug (D:12)
  A cyclops (D:11)
  2 manticores
  A gargoyle (D:11)
  A rime drake (D:8)
  3 trolls
  A hornet (D:7)
  A wyvern (D:11)
  30 yaks
  5 wraiths
  Eustachio (D:5)
  A steam dragon (D:7)
  4 vampire mosquitoes
  Menkaure (D:7)
  A water moccasin (D:4)
  3 acid dragons
  A hell hound (D:12)
  12 ice beasts
  2 sky beasts
  7 orc warriors
  2 black bears (D:7)
  4 centaurs
  4 ogres
  3 wolves
  The ghost of TheCrane the Magician, an amateur GnHW (D:3)
  2 phantoms
  5 kobold brigands
  4 scorpions
  4 bullfrogs
  6 gnoll sergeants
  7 wights
  7 killer bees
  3 howler monkeys
  4 jellies
  5 hounds
  8 orc priests
  3 gnoll boudas
  13 orc wizards
  A sleepcap (D:8)
  2 iguanas
  A centaur simulacrum (D:7)
  A mummy (D:7)
  26 gnolls
  8 adders
  3 river rats
  A shadow imp (D:6)
  4 white imps
  An ufetubus (D:7)
  2 worms (D:2)
  A dart slug (D:4)
  48 orcs
  4 bats
  13 endoplasms
  7 giant cockroaches
  3 goblins
  8 hobgoblins
  11 jackals
  22 kobolds
  4 quokkas
  4 ball pythons
  2 ball python skeletons (Ossuary)
  7 frilled lizards
  A hobgoblin zombie (Ossuary)
  4 kobold zombies (Ossuary)
  An orc skeleton (Ossuary)
  An orc zombie (Ossuary)
  11 rats
367 creatures vanquished.

Vanquished Creatures (others)
  An orc wizard (D:9)
1 creature vanquished.

Grand Total: 368 creatures vanquished

Notes
Turn   | Place    | Note
-------+----------+-------------------------------------------
     0 | D:1      | BinkBink the Merfolk Shapeshifter began the quest for the
                  | Orb.
     0 | D:1      | Reached XP level 1. HP: 15/15 MP: 1/1
    61 | D:1      | Reached XP level 2. HP: 21/21 MP: 2/2
    79 | D:1      | Reached skill level 3 in Dodging
   323 | D:1      | Reached XP level 3. HP: 22/27 MP: 3/3
   847 | D:2      | Reached XP level 4. HP: 29/33 MP: 4/4
   870 | D:2      | Found a faded altar of an unknown god.
  1393 | D:3      | Reached skill level 4 in Dodging
  1498 | D:3      | Found a runed translucent gate.
  1499 | D:3      | Found a runed translucent gate.
  1500 | D:3      | Found a runed translucent gate.
  1506 | D:3      | Noticed TheCrane's ghost (amateur GnHW)
  1616 | D:3      | Identified the +6 falchion "Setycho" {heavy, rElec rN+
                  | Dex+3 Stlth+}
  1664 | D:3      | Noticed a scorpion
  1683 | D:3      | Killed a scorpion
  1684 | D:3      | Reached skill level 5 in Shapeshifting
  1684 | D:3      | Reached XP level 5. HP: 13/40 MP: 5/5
  2309 | D:3      | Gained mutation: You are robust. (+10% HP) [potion of
                  | mutation]
  2309 | D:3      | Gained mutation: You have a pair of small horns on your
                  | head. [potion of mutation]
  2309 | D:3      | Gained mutation: You are dopey. (Int -2) [potion of
                  | mutation]
  2360 | D:3      | Killed TheCrane's ghost
  2361 | D:3      | Reached XP level 6. HP: 33/51 MP: 6/6
  2648 | D:4      | Found Nemehafi's Fire Supplies.
  2763 | D:4      | Reached skill level 5 in Dodging
  2784 | D:4      | Found a staircase to the Ecumenical Temple.
  2804 | D:4      | Reached skill level 1 in Shields
  2870 | D:4      | Reached XP level 7. HP: 43/58 MP: 7/7
  2896 | Temple   | Entered the Ecumenical Temple
  2906 | Temple   | Became a worshipper of Ashenzari the Shackled
  2965 | D:4      | Reached skill level 5 in Unarmed Combat
  3210 | D:5      | Entered Level 5 of the Dungeon
  3231 | D:5      | Found a glowing drain.
  3253 | Sewer    | Entered a sewer
  3329 | Sewer    | Found a glowing silver altar of Zin.
  3538 | D:5      | Identified the +4 helmet of Uskayaw {rElec rN+ Will-}
  3554 | D:5      | Noticed Eustachio
  3639 | D:5      | Killed Eustachio
  3677 | D:5      | Reached skill level 6 in Dodging
  3677 | D:5      | Reached XP level 8. HP: 65/67 MP: 8/8
  4396 | D:6      | Reached * piety under Ashenzari
  4402 | D:6      | Reached skill level 5 in Fighting
  4694 | D:6      | Found a hazy altar of Hepliaklqana.
  4754 | D:6      | Reached skill level 7 in Dodging
  5011 | D:7      | Reached XP level 9. HP: 70/78 MP: 9/9
  5041 | D:7      | Found a sand-covered staircase.
  5050 | Ossuary  | Entered an ossuary
  5325 | Ossuary  | Reached ** piety under Ashenzari
  5660 | D:7      | Noticed a hornet
  5955 | D:7      | Reached skill level 8 in Dodging
  6306 | D:7      | Reached skill level 5 in Shields
  6537 | D:7      | Found a runed translucent door.
  6538 | D:7      | Noticed Crazy Yiuf
  6641 | D:7      | Noticed Menkaure
  6879 | D:7      | Killed Menkaure
  6880 | D:7      | Reached XP level 10. HP: 88/88 MP: 10/10
  6987 | D:7      | Paralysed by a hornet for 3 turns
  6998 | D:7      | Reached skill level 9 in Dodging
  7316 | D:7      | Noticed a boulder beetle
  7598 | D:7      | Found a radiant altar of Vehumet.
  9063 | D:8      | HP: 4/91 [orc priest/divine providence (13)]
  9476 | D:7      | Reached skill level 10 in Dodging
  9678 | D:8      | Reached XP level 11. HP: 74/97 MP: 11/11
  9758 | D:8      | Found a staircase to the Lair.
 10086 | D:8      | Reached skill level 10 in Shapeshifting
 10837 | D:8      | Reached *** piety under Ashenzari
 10861 | D:8      | Found a hide-covered altar of Uskayaw.
 10862 | D:8      | Noticed a +0 dagger
 10866 | D:8      | Noticed a +0 dagger
 11125 | D:8      | Found a glowing silver altar of Zin.
 11492 | D:9      | Noticed a manticore
 12206 | D:9      | Killed a manticore
 12536 | D:10     | Entered Level 10 of the Dungeon
 12620 | D:10     | Found a staircase to the Orcish Mines.
 12644 | D:10     | Reached skill level 11 in Dodging
 13510 | D:10     | Found a burning altar of Makhleb.
 13666 | D:11     | Noticed a cyclops
 13683 | D:10     | Reached skill level 10 in Unarmed Combat
 13823 | D:11     | Killed a cyclops
 13905 | D:11     | Reached XP level 12. HP: 86/108 MP: 12/12
 14405 | D:12     | Found Pooqinwe's Antique Weapon Boutique.
 14451 | D:12     | Reached skill level 12 in Dodging
 14494 | D:12     | Noticed a two-headed ogre
 14498 | D:12     | Noticed Gastronok
 14501 | D:12     | Killed a two-headed ogre
 14505 | D:12     | HP: 5/110 [Gastronok/the air (24)]
 14506 | D:12     | Reached skill level 10 in Fighting
 14654 | D:12     | Noticed Urug
 14694 | D:12     | Killed Urug
 14776 | D:12     | Noticed Azrael
 14810 | D:12     | HP: 4/110 [Azrael/+1 scimitar of flaming (5)]
 14811 | D:12     | Mangled by Azrael

Illustrated notes

Levels and vault maps discovered:
D:1:      tarquinn_simple_flora_water_b, layout_loops_ring,
          minmay_tiny_reverse_x
D:2:      layout_basic, dreamdust_ecumenical_altar_statues
D:3:      layout_loops_ring, ebering_ghost_rock_garden
D:4:      layout_rooms, minmay_temple_entry_sparse_star, nicolae_shop_fire_sale
          [nicolae_sub_dead_trees]
D:5:      layout_gridville, portal_sewer_entry_b, uniq_eustachio
D:6:      layout_basic, nicolae_overflow_crystal_walls,
          minmay_misc_feat_nine_boxes
D:7:      nzn_winding_woodlands_large [nzn_winding_woodlands_5x5_perimeter,
          nzn_winding_woodlands_5x15_cabin,
          nzn_winding_woodlands_5x5_checkerboard,
          nzn_winding_woodlands_center_pierced_h,
          nzn_winding_woodlands_15x15_five_gardens,
          nzn_winding_woodlands_center_lodge,
          nzn_winding_woodlands_5x5_closed_star,
          nzn_winding_woodlands_5x15_twine, nzn_winding_woodlands_5x5_default],
          layout_basic, nicolae_vehumet_radiance, gup_ossuary_entry_pyramid,
          uniq_menkaure, uniq_crazy_yiuf_cottage
D:8:      layout_gridville, mainiacjoe_overflow_alcove_2,
          dancing_weapons_uskayaw, hellmonk_lair_entry_icy, special_room
          [special_room_orc], roderic_roman_lattice, nicolae_elevator_lobby_plus
D:9:      layout_rooms, serial_glass, glass_columns_b, glass_columns_a,
          glass_columns_b, glass_columns_b, glass_columns_c, glass_columns_c,
          glass_columns_a, glass_columns_a, glass_columns_c, glass_columns_b
D:10:     layout_basic, lightli_temple_of_fire, david_orc_2
D:11:     layout_rooms
D:12:     layout_irregular_city, serial_shops, kennysheep_mini_moat, shop, shop,
          nicolae_shop_overgrown_old_shop, uniq_gastronok, uniq_frances,
          uniq_urug, uniq_azrael
Temple:   nicolae_temple_bog_church

Skill      XL: |  1  2  3  4  5  6  7  8  9 10 11 12 |
---------------+-------------------------------------+-----
Dodging        | 3 4 5 6 7 8 10 11 12 | 12.2
Fighting       | 2 3 4 5 6 8 9 10 | 10.0
Unarmed Combat | 4 5 6 7 8 10 | 10.6
Shapeshifting  | 5 6 7 8 9 11 | 11.5
Shields        | 1 2 4 5 6 8 |  8.6

Action                     |  1- 3 |  4- 6 |  7- 9 | 10-12 || total
---------------------------+-------+-------+-------+-------++-------
  Melee: Unarmed           |    93 |   158 |   302 |   642 ||  1195
         Punch             |     5 |     2 |       |       ||     7
         Headbutt          |       |    11 |    60 |   144 ||   215
         Tailslap          |       |       |     1 |       ||     1
 Invoke: Curse Item        |       |       |     3 |     2 ||     5
         Shatter the Chain |       |       |       |     1 ||     1
    Use: Scroll            |     1 |     7 |       |     8 ||    16
         Potion            |       |     5 |     2 |     9 ||    16
   Stab: Sleeping          |     1 |     3 |     6 |     1 ||    11
         Distracted        |       |       |       |     2 ||     2
 Armour: Animal skin       |    37 |    51 |   122 |   200 ||   410
         Troll leather arm |       |       |       |    61 ||    61
  Dodge: Dodged            |    62 |    89 |   197 |   488 ||   836
  Block: Buckler           |       |     9 |    56 |   190 ||   255

Table legend: (Time is in decaauts)
 A = Elapsed time spent in this place.
 B = Non-inter-level travel time spent in this place.
 C = Inter-level travel time spent in this place.
 D = Time resting spent in this place.
 E = Time spent auto-exploring this place.
 F = Levels seen in this place.
 G = Mean time per level.
                   A        B        C        D        E       F      G
               +--------+--------+--------+--------+--------+-----+--------+
         Total |  14624 |  14079 |    545 |   1478 |   9746 |  15 |  974.9 |
       Dungeon |  13944 |  13418 |    526 |   1478 |   9320 |  12 | 1162.0 |
        Temple |     20 |      2 |     18 |      0 |      0 |   1 |   20.0 |
         Sewer |    174 |    174 |      0 |      0 |     66 |   1 |  174.0 |
       Ossuary |    486 |    486 |      0 |      0 |    360 |   1 |  486.0 |
               +--------+--------+--------+--------+--------+-----+--------+

Top non-repeatable levels by time:
     D:7: 3992 daAuts
     D:8: 1950 daAuts
    D:10: 1247 daAuts
     D:3: 1142 daAuts
     D:6: 1129 daAuts
     D:9: 839 daAuts
     D:1: 745 daAuts
     D:4: 669 daAuts
    D:11: 665 daAuts
     D:5: 626 daAuts
     D:2: 617 daAuts
 Ossuary: 486 daAuts
    D:12: 317 daAuts
   Sewer: 174 daAuts
  Temple: 20 daAuts
